 Dungeon Crawl Stone Soup version 0.27-a0-445-gbe96e517c0 (webtiles) character file.

Game seed: 16287027893543142278

1403 Chiseanne the Skirmisher (level 8, 0/63 HPs)
             Began as a Demonspawn Wanderer on Feb 27, 2021.
             Slain by an ogre
             ... wielding a +0 giant club
              (12 damage)
             ... on level 6 of the Dungeon.
             The game lasted 00:09:29 (5988 turns).

Chiseanne the Skirmisher (Demonspawn Wanderer)      Turns: 5988, Time: 00:09:29

Health: 0/63       AC:  8    Str: 16    XL:     8   Next: 42%
Magic:  9/9        EV: 11    Int: 13    God:
Gold:   245        SH: 11    Dex: 14    Spells: 9/9 levels left

rFire    + . .     SeeInvis .   a - +1 morningstar
rCold    + . .     Faith    .   v - +2 kite shield
rNeg     . . .     Spirit   .   q - +0 ring mail
rPois    .         Reflect  .   l - +0 helmet
rElec    .         Harm     .   r - scarf {rC+ rF+}
rCorr    .         Rampage  .   h - +0 pair of gloves
Will     .....                  (no boots)
Stlth    +.........             (no amulet)
HPRegen  0.20/turn              (no ring)
MPRegen  0.11/turn              (no ring)

@: no status effects
A: hooves 2, demonic guardian 2, big brain 1
a: no special abilities


You were on level 6 of the Dungeon.
You visited 1 branch of the dungeon, and saw 7 of its levels.

You collected 245 gold pieces.

Inventory:

Hand Weapons
 a - a +1 morningstar (weapon)
Missiles
 k - 2 throwing nets
 p - 51 poisoned darts (quivered)
 x - 7 atropa-tipped darts
 y - 14 bolts
Armour
 h - a +0 pair of gloves (worn)
 l - a +0 helmet (worn)
 q - a +0 ring mail (worn)
 r - a scarf of resistance (worn)
 v - a +2 kite shield (worn)
Jewellery
 j - a ring of see invisible
 s - a +6 ring of strength
Wands
 d - a wand of iceblast (5)
 u - a wand of mindburst (23)
Scrolls
 c - a scroll of fog
 g - a scroll of identify
Potions
 e - a potion of mutation
 f - 2 potions of flight
 i - a potion of magic
 t - a potion of haste


   Skills:
 * Level 5.5 Fighting
 - Level 1.0 Short Blades
 * Level 4.3 Armour
 * Level 5.0 Dodging
 - Level 2.6 Stealth
 * Level 4.2 Shields
 - Level 1.0 Spellcasting
 - Level 2.1 Necromancy


You had 9 spell levels left.
You didn't know any spells.
Your spell library contained the following spells:

 Spells                   Type           Power        Failure   Level
 Magic Dart               Conj           0%           90%         1
 Blink                    Tloc           N/A          97%         2
 Call Imp                 Summ           0%           97%         2
 Slow                     Hex            0%           97%         2
 Conjure Flame            Conj/Fire      0%           99%         3
 Mephitic Cloud           Conj/Pois/Air  0%           99%         3


Dungeon Overview and Level Annotations

Branches:
Dungeon (7/15)
 Temple: D:4-7

Altars:
Ashenzari
Elyvilon
Okawaru
Vehumet
Zin

Annotations:
D:7 Joseph


Innate Abilities, Weirdness & Mutations

You have hoof-like feet.
A demonic guardian rushes to your aid.
You have an unusually large brain. (Int +2)


Message History

You kick the orc wizard, but do no damage.
The orc wizard is severely wounded.
You block the orc wizard's attack. The orc wizard closely misses you.
You hit the orc wizard.
You kill the orc wizard!
You block the orc's attack.
You barely miss the orc. You kick the orc.
You kill the orc!
An ogre comes into view. It is wielding a +0 giant club.
Items here: ( )) = [ ††.
Things that are here:
a +0 club; a bullfrog corpse
Things that are here:
a worker ant corpse; a killer bee corpse Throw: 52 darts (poison)
Press: ? - help, Q - select action, (/) - cycle Shift-Dir - straight line, f - ogre
Aim: an ogre, wielding a +0 giant club (75% to hit)
You throw a poisoned dart. The poisoned dart hits the ogre.
You hit the ogre. You kick the ogre.
The ogre is lightly wounded.
The ogre barely misses you.
You hit the ogre. You kick the ogre, but do no damage.
The ogre is lightly wounded.
The ogre hits you with a +0 giant club! x2
* * * LOW HITPOINT WARNING * * *
You thump the ogre!
The ogre is heavily wounded.
You block the ogre's attack.
You hit the ogre. You kick the ogre.
The ogre is severely wounded.
You block the ogre's attack.
You closely miss the ogre. Your kick misses the ogre.
The ogre is severely wounded.
The ogre barely misses you. The ogre hits you with a +0 giant club.
* * * LOW HITPOINT WARNING * * *
A demonic guardian appears!
You hit the ogre but do no damage. You kick the ogre.
The ogre is almost dead.
The ogre hits you with a +0 giant club!
You die...

###### ### #.... #..
.... #.# #..# #.#
#..#
######.######..#####.
#......@O.)..>.......
######4#####...#.###.
#.# #.#.# #.# ...(..
#.. ......... ###
....###.## ####.# .#
#.# .#


You could see an ogre (ally target) and a friendly ice devil (summoned).

Vanquished Creatures
  2 sky beasts (D:5)
  A necrophage (D:5)
  2 centaurs
  2 bullfrogs
  A scorpion (D:4)
  A howler monkey (D:4)
  A bullfrog skeleton (D:5)
  2 hounds
  A jelly (D:5)
  A gnoll shaman (D:5)
  A centaur skeleton (D:5)
  Terence (D:2)
  An orc wizard (D:6)
  Natasha (twice) (D:3)
  2 worker ants (D:4)
  A worker ant zombie (D:7)
  Robin (D:4)
  5 gnolls
  3 adders
  A white imp (D:5)
  2 ufetubi (D:5)
  An adder skeleton (D:6)
  A dart slug (D:2)
  4 leopard geckos
  8 orcs
  5 giant cockroaches
  10 goblins
  6 hobgoblins
  2 jackals (D:2)
  11 kobolds
  5 quokkas
  7 bats
  7 frilled lizards
  A jackal skeleton (D:5)
  A jackal zombie (D:5)
  5 rats
108 creatures vanquished.

Vanquished Creatures (collateral kills)
  Purgy (D:3)
  A phantom (D:6)
  A killer bee (D:6)
  A howler monkey (D:6)
  An orc wizard (D:4)
  A worker ant (D:6)
  3 gnolls (D:4)
  An adder (D:2)
  A worm (D:3)
  A leopard gecko (D:4)
  2 orcs (D:4)
  A giant cockroach (D:4)
  2 goblins (D:4)
  2 hobgoblins (D:4)
  A jackal skeleton (D:6)
  A rat (D:3)
21 creatures vanquished.

Vanquished Creatures (others)
  2 plants (D:1)
2 creatures vanquished.

Grand Total: 131 creatures vanquished

Notes
Turn   | Place    | Note
-------+----------+-------------------------------------------
     0 | D:1      | Chiseanne the Demonspawn Wanderer began the quest for the
                  | Orb.
     0 | D:1      | Chiseanne set off with the following items: a +2 dagger, a
                  | scroll of blinking, a potion of lignification, a +0 robe
     0 | D:1      | Reached XP level 1. HP: 15/15 MP: 2/2
   500 | D:2      | Gained mutation: A weak demonic guardian rushes to your
                  | aid. [demonic ancestry]
   500 | D:2      | Reached XP level 2. HP: 22/22 MP: 3/3
   539 | D:2      | Noticed Terence
   557 | D:2      | Killed Terence
   558 | D:2      | Gained mutation: You have large cloven feet. [demonic
                  | ancestry]
   558 | D:2      | Reached XP level 3. HP: 18/28 MP: 4/4
  1466 | D:2      | Gained mutation: A demonic guardian rushes to your aid.
                  | [demonic ancestry]
  1466 | D:2      | Reached XP level 4. HP: 33/34 MP: 5/5
  1786 | D:3      | Noticed Purgy
  1806 | D:3      | Killed Purgy
  1807 | D:3      | Reached skill level 1 in Armour
  2073 | D:3      | Gained mutation: You have hoof-like feet. [demonic
                  | ancestry]
  2073 | D:3      | Reached XP level 5. HP: 7/41 MP: 6/6
  2604 | D:3      | Noticed Natasha
  2641 | D:3      | Killed Natasha
  3252 | D:3      | You fall into a shaft and drop 2 floors!
  3252 | D:5      | Entered Level 5 of the Dungeon
  3448 | D:5      | Noticed a sky beast
  3454 | D:5      | Killed a sky beast
  3455 | D:5      | Reached XP level 6. HP: 47/47 MP: 7/7
  3819 | D:4      | Found a broken altar of Ashenzari.
  3893 | D:4      | Reached XP level 7. HP: 45/54 MP: 8/8
  3993 | D:4      | Noticed Robin
  4000 | D:4      | Killed Robin
  4017 | D:3      | Noticed Natasha
  4039 | D:3      | Killed Natasha
  4329 | D:4      | Found a white marble altar of Elyvilon.
  5505 | D:5      | Found a glowing silver altar of Zin.
  5505 | D:5      | Found a radiant altar of Vehumet.
  5619 | D:6      | Reached skill level 5 in Fighting
  5619 | D:6      | Gained mutation: You have an unusually large brain. (Int
                  | +2) [demonic ancestry]
  5619 | D:6      | Reached XP level 8. HP: 57/62 MP: 9/9
  5805 | D:6      | You fall into a shaft and drop 1 floor!
  5825 | D:7      | Noticed Joseph
  5838 | D:7      | Found an iron altar of Okawaru.
  5867 | D:6      | Reached skill level 5 in Dodging
  5988 | D:6      | Slain by an ogre

Illustrated notes

Levels and vault maps discovered:
D:1:      enne_arrival_octagon_isle, layout_rooms, grunt_decor_arrowhead,
          nrook_loot_triangle, minivault_14, serial_bayou_lagoon_a
D:2:      layout_loops_corners, uniq_terence
D:3:      layout_loops_ring, uniq_purgy, uniq_natasha
D:4:      cheibrodos_quashed, layout_rooms, ashenzari_conservatory_becter,
          elyvilon_altar_4, uniq_robin
D:5:      layout_loops_corners, gammafunk_temple_overflow_wave
D:6:      layout_basic, overflow_temple_1_default, uniq_pikel
D:7:      layout_cave_pools, okawaru_ov_weapons_minmay,
          gammafunk_temple_overflow_elements, minmay_temple_entry_trees,
          serial_undead, serial_undead_c, serial_undead_d, serial_undead_f,
          serial_undead_c, uniq_joseph

Skill      XL: |  1  2  3  4  5  6  7  8 |
---------------+-------------------------+-----
Fighting       | 2 3 4 5 |  5.5
Dodging        | 2 3 4 5 |  5.0
Armour         | 1 2 3 4 |  4.3
Shields        | 2 3 4 |  4.2
Short Blades   | |  1.0
Stealth        | |  2.6
Spellcasting   | |  1.0
Necromancy     | |  2.1

Action                   |  1- 3 |  4- 6 |  7- 9 || total
-------------------------+-------+-------+-------++-------
Melee: Dagger            |    77 |    90 |       ||   167
       Kick              |     9 |    32 |    49 ||    90
       Mace              |       |     7 |       ||     7
       Morningstar       |       |    46 |   154 ||   200
Throw: Dart              |     5 |    19 |     8 ||    32
  Use: Scroll            |       |     9 |     3 ||    12
       Potion            |       |       |     3 ||     3
 Stab: Sleeping          |     4 |     2 |       ||     6
Armor: Robe              |     8 |       |       ||     8
       Ring mail         |    12 |    64 |    78 ||   154
       Skin              |       |       |     5 ||     5
Dodge: Dodged            |    40 |    72 |   114 ||   226
Block: Kite shield       |       |    52 |   156 ||   208

Table legend: (Time is in decaauts)
 A = Elapsed time spent in this place.
 B = Non-inter-level travel time spent in this place.
 C = Inter-level travel time spent in this place.
 D = Time resting spent in this place.
 E = Time spent auto-exploring this place.
 F = Levels seen in this place.
 G = Mean time per level.
                   A        B        C        D        E       F      G
               +--------+--------+--------+--------+--------+-----+--------+
         Total |   6143 |   6035 |    108 |   1287 |   3609 |   7 |  877.6 |
       Dungeon |   6143 |   6035 |    108 |   1287 |   3609 |   7 |  877.6 |
               +--------+--------+--------+--------+--------+-----+--------+

Top non-repeatable levels by time:
     D:3: 1739 daAuts
     D:5: 1588 daAuts
     D:2: 1284 daAuts
     D:4: 633 daAuts
     D:1: 502 daAuts
     D:6: 351 daAuts
     D:7: 45 daAuts
